 Dungeon Crawl Stone Soup version 0.31-a0-590-g8a5a4361df (webtiles) character file.

Game seed: 14249323851662209094

1701112 motkurizz the Hoplite (level 27, 259/259 HPs)
             Began as a Formicid Earth Elementalist on Aug 19, 2023.
             Was the Champion of Cheibriados.
             Escaped with the Orb
             ... and 3 runes!
             The game lasted 02:20:13 (65227 turns).

motkurizz the Hoplite (FoEE)                       Turns: 65227, Time: 02:20:13

Health: 259/259    AC: 34    Str: 27    XL:     27
Magic:  28/28      EV: 40    Int: 29    God:    Cheibriados [******]
Gold:   2148       SH: 47    Dex: 50    Spells: 28/38 levels left

rFire   + . .        S - +9 longbow (freeze)
rCold   + . .        V - +8 tower shield {AC+3}
rNeg    . . .        J - +9 ring mail of the Untouchables {rPois rCorr Str-4 Dex+4}
rPois   +            (helmet unavailable)
rElec   .            Q - +2 cloak
rCorr   +            y - +2 pair of gloves {Dex+3}
SInv    +            j - +1 pair of boots {Fly}
Will    ++...        b - amulet of reflection
Stlth   ++           p - ring of protection from fire
HPRegen 0.63/turn    G - ring of Kisizett {rC+ Int-4 Dex+6 Stlth+}
MPRegen 0.21/turn

%: reflection
@: flying, very slow
A: permanent stasis, dig shafts and tunnels, antennae 3, four strong arms,
hooves 1, low MP 1, sense surroundings 1, robust 1, shaggy fur 1, no potion heal
2
0: Orb of Zot
}: 3/15 runes: decaying, serpentine, silver
a: Dig, Shaft Self, Renounce Religion, Bend Time, Temporal Distortion, Slouch,
Step From Time


You escaped.
You worshipped Cheibriados.
Cheibriados was exalted by your worship.
You visited 10 branches of the dungeon, and saw 48 of its levels.
You also visited: Sewer and Gauntlet.

You collected 9187 gold pieces.
You spent 7039 gold pieces at shops.

Inventory:

Hand Weapons
 S - a +9 longbow of freezing (weapon)
Armour
 f - the +1 pair of gloves "Saadiull" {rN+}
   (You found it in a Gauntlet)

   rN+:       It protects you from negative energy.
 j - a +1 pair of boots of flying (worn)
 y - a +2 pair of gloves of dexterity (worn)
 C - +0 fire dragon scales
 J - the +9 ring mail of the Untouchables (worn) {rPois rCorr Str-4 Dex+4}
   (You bought it in a shop on level 1 of the Depths)

   Str-4:     It affects your strength (-4).
   Dex+4:     It affects your dexterity (+4).
   rPois:     It protects you from poison rCorr: It protects you from acid and
   corrosion.
 Q - a +2 cloak (worn)
 V - a +8 tower shield of protection (worn)
Jewellery
 b - an amulet of reflection (around neck)
 e - a ring of positive energy
 l - a ring of flight
 p - a ring of protection from fire (left hand)
 x - the ring "Timeikeonk" {rPois Will+ AC+4 Int+8 Slay-3}
   (You took it off a deep elf zephyrmancer on level 3 of the Elven Halls)

   [ring of protection]

   AC+4:      It affects your AC (+4).
   Int+8:     It affects your intelligence (+8).
   Slay-3:    It affects your accuracy & damage with ranged weapons and melee
   (-3).
   rPois:     It protects you from poison Will+: It increases your willpower.
 A - the ring "Toiqu" {rC+ Dex+2 Stlth+}
   (You bought it in a shop on level 1 of the Depths)

   [ring of protection from cold]

   Dex+2:     It affects your dexterity (+2).
   rC+:       It protects you from cold.
   Stlth+:    It makes you more stealthy.
 F - a ring of fire
 G - the ring of Kisizett (right hand) {rC+ Int-4 Dex+6 Stlth+}
   (You found it on level 1 of the Depths)

   [ring of dexterity]

   Int-4:     It affects your intelligence (-4).
   Dex+6:     It affects your dexterity (+6).
   rC+:       It protects you from cold.
   Stlth+:    It makes you more stealthy.
 W - the ring of the Hare {EV+10}
   (You bought it in a shop on level 2 of the Snake Pit)

   [ring of evasion]

   EV+10:     It affects your evasion (+10).
Wands
 w - a wand of roots (41)
 K - a wand of polymorph (15)
 L - a wand of quicksilver (20)
 N - a wand of digging (31)
 P - a wand of paralysis (42)
 U - a wand of mindburst (53)
 Z - a wand of flame (44)
Scrolls
 a - a scroll of silence
 g - a scroll of butterflies
 k - 10 scrolls of noise
 q - 12 scrolls of immolation
 s - 6 scrolls of amnesia
 z - 9 scrolls of poison
 D - 3 scrolls of fog
 I - 3 scrolls of enchant weapon
 O - a scroll of fear
 R - 20 scrolls of identify
 Y - 4 scrolls of brand weapon
Potions
 c - 5 potions of heal wounds
 d - 28 potions of curing
 h - 5 potions of resistance
 i - 3 potions of ambrosia
 m - 15 potions of attraction
 r - 14 potions of might
 u - 15 potions of mutation
 B - a potion of magic
 E - 7 potions of brilliance
 M - 6 potions of enlightenment
 T - 8 potions of lignification
Miscellaneous
 n - a sack of spiders
 o - a lightning rod (4/4)
 H - a phial of floods
 X - a condenser vane


   Skills:
 + Level 23.5 Fighting
 * Level 24.4 Ranged Weapons
 - Level 22.2 Armour
 - Level 15.7 Dodging
 - Level 2.4 Stealth
 - Level 26.0 Shields
 - Level 6.0 Spellcasting
 - Level 1.0 Conjurations
 - Level 2.0 Transmutations
 - Level 7.0 Earth Magic
 - Level 12.0 Invocations
 - Level 6.0 Evocations


You had 28 spell levels left.
You knew the following spells:

 Your Spells              Type           Power      Damage    Failure   Level
b - Passwall              Tmut/Erth      28%        N/A       1%          2
c - Petrify               Tmut/Erth      34%        N/A       12%         4
f - Sandblast             Erth           98%        2d20      1%          1
g - Stone Arrow           Conj/Erth      62%        3d10      4%          3

Your spell library contained the following spells:

 Spells                   Type           Power      Damage    Failure   Level
 Magic Dart               Conj           56%        1d5       4%          1
 Freeze                   Ice            32%        1d5       8%          1
 Summon Small Mammal      Summ           32%        N/A       8%          1
 Static Discharge         Conj/Air       22%        2-3/arc   9%          2
 Call Imp                 Summ           16%        N/A       11%         2
 Cigotuvi's Dreadful Rot  Necr/Pois/Air  16%        N/A       11%         2
 Ensorcelled Hibernation  Hex/Ice        16%        N/A       11%         2
 Sublimation of Blood     Necr           8%         N/A       11%         2
 Ignite Poison            Fire/Tmut/Pois 12%        N/A       17%         3
 Dazzling Flash           Conj/Hex       22%        N/A       19%         3
 Hailstorm                Conj/Ice       11%        3d5       19%         3
 Mephitic Cloud           Conj/Pois/Air  10%        N/A       21%         3
 Call Canine Familiar     Summ           8%         N/A       22%         3
 Frozen Ramparts          Ice            16%        1d3       22%         3
 Inner Flame              Hex/Fire       8%         N/A       22%         3
 Portal Projectile        Hex/Tloc       16%        N/A       22%         3
 Summon Guardian Golem    Hex/Summ       8%         N/A       22%         3
 Teleport Other           Tloc           8%         N/A       22%         3
 Tukima's Dance           Hex            8%         N/A       22%         3
 Flame Wave               Conj/Fire      11%        2d6       52%         4
 Iskenderun's Mystic Bla  Conj/Tloc      11%        2d4       52%         4
 Sticky Flame             Conj/Fire      11%        2d3       52%         4
 Airstrike                Air            4%         2d(1-17)  58%         4
 Anguish                  Hex/Necr       4%         N/A       58%         4
 Cause Fear               Hex            4%         N/A       58%         4
 Manifold Assault         Tloc           8%         N/A       58%         4
 Olgreb's Toxic Radiance  Pois           8%         N/A       58%         4
 Passage of Golubria      Tloc           8%         N/A       58%         4
 Summon Ice Beast         Ice/Summ       8%         N/A       58%         4
 Summon Lightning Spire   Summ/Air       8%         N/A       58%         4
 Irradiate                Conj/Tmut      8%         3d14      73%         5
 Alistair's Intoxication  Tmut/Pois      9%         N/A       80%         5
 Iskenderun's Battlesphe  Conj           14%        2d7       80%         5
 Yara's Violent Unravell  Hex/Tmut       7%         3d5       80%         5
 Arcjolt                  Conj/Air       5%         1d15      86%         5
 Fireball                 Conj/Fire      5%         3d5       86%         5
 Freezing Cloud           Conj/Ice/Air   5%         6-21      88%         5
 Agony                    Necr           8%         N/A       90%         5
 Silence                  Hex/Air        4%         N/A       90%         5
 Summon Mana Viper        Hex/Summ       8%         N/A       90%         5
 Leda's Unmaking          Conj/Erth      15%        9d3       91%         6
 Conjure Ball Lightning   Conj/Air       5%         3x3d6     100%        6
 Summon Cactus Giant      Summ           4%         N/A       100%        6
 Haunt                    Necr/Summ      4%         N/A       100%        7
 Monstrous Menagerie      Summ           4%         N/A       100%        7
 Orb of Destruction       Conj           7%         9d6       100%        7
 Spellforged Servitor     Conj/Summ      5%         N/A       100%        7
 Borgnjor's Revivificati  Necr           4%         N/A       100%        8
 Discord                  Hex            4%         N/A       100%        8
 Ignition                 Fire           4%         3d4       100%        8
 Lehudib's Crystal Spear  Conj/Erth      15%        10d5      100%        8
 Death's Door             Necr           4%         N/A       100%        9
 Dragon's Call            Summ           4%         N/A       100%        9
 Blink                    Tloc           Unusable   N/A       N/A         2

Dungeon Overview and Level Annotations

Branches:
Dungeon (15/15)            Temple (1/1) D:6            Lair (5/5) D:11
  Swamp (4/4) Lair:3        Snake (4/4) Lair:3        Slime (0/5) Lair:4
    Orc (2/2) D:12            Elf (3/3) Orc:2        Vaults (5/5) D:13
  Crypt (0/3) Vaults:2     Depths (4/4) D:15            Zot (5/5) Depths:4
  Sewer (visited)         Gauntlet (visited)

Altars:
Ashenzari
Cheibriados
Dithmenos
Elyvilon
Fedhas
Gozag
Hepliaklqana
Kikubaaqudgha
Makhleb
Nemelex Xobeh
Okawaru
Qazlal
Ru
Sif Muna
Trog
Uskayaw
Vehumet
Wu Jian
Xom
Yredelemnul
Zin
The Shining One
Jiyva

Shops:
D:1 !   D:3 **[:   D:9 [   Orc:2 ?=(?   Elf:1 (*:[   Elf:2 !   Snake:2 :=:
Snake:4 [[   Vaults:3 !   Depths:1 =!([::   Depths:4 [

Portals:
Hell: Depths:1 Depths:2 Depths:3 Depths:4
Abyss: Depths:3
Pandemonium: Depths:2
Ziggurat: Depths:1

Annotations:
Lair:4 exclusion: downstairs
Elf:2 3 runed translucent doors
Zot:2 exclusion: 2 downstairs
Zot:3 2 transporters, Hicanoach's ghost, master DsGl


Innate Abilities, Weirdness & Mutations

You cannot be hasted, slowed, berserked, paralysed or teleported.
You can dig through walls and to a lower floor.
You have a pair of large antennae on your head. (SInv)
Your four strong arms can wield two-handed weapons with a shield.
You have large cloven feet.
Your magical capacity is low. (-10% MP)
You passively map a small area around you.
You are robust. (+10% HP)
You are covered in fur. (AC +1)
Potions cannot restore your health.


Message History

Things that are here:
a +0 leather armour; a +0 hand axe
There is a stone staircase leading up here.
You fly upwards.
There is a stone staircase leading down here.
There is a stone staircase leading up here.
You fly upwards.
There is a stone staircase leading down here.
There is a stone staircase leading up here.
You fly upwards.
There is a stone staircase leading down here.
Okay, then.
Okay, then.
An Orb Guardian comes into view.
You shoot an arrow. The arrow hits the Orb Guardian.
The arrow freezes the Orb Guardian.
The Orb Guardian is lightly wounded.
An ice devil comes into view.
You shoot an arrow. The arrow hits the ice devil.
The ice devil is lightly wounded.
You shoot an arrow. The arrow hits the ice devil!
The ice devil is moderately wounded.
You shoot an arrow. The arrow hits the ice devil!!
The ice devil is almost dead.
You block the ice devil's attack.
You shoot an arrow. The arrow hits the ice devil!!!
You kill the ice devil!
Cheibriados appreciates the change of pace.
You shoot an arrow. The arrow hits the Orb Guardian!!
The arrow freezes the Orb Guardian.
The Orb Guardian is heavily wounded.
You shoot an arrow. The arrow hits the Orb Guardian!!!
The arrow freezes the Orb Guardian!
You kill the Orb Guardian!
Cheibriados thoroughly appreciates the change of pace.
No target in view!
No target in view!
There is an open gate here.
There is a staircase leading out of the dungeon here.
You have escaped!

#..# #.# #.#### #.#
#.#..###.#
#.#....###
#.#......###
#.#........###
#.#..##......#######
#.#..####.......'...
#.#@.# ###.....'..#
#.#..####.......'.##
#.#..##......#####..
###........### #.##
#......###### #.#
#....###....# #.#
#..########.###.#
####............#
##...........#


There were no monsters in sight!

Vanquished Creatures
  A seraph (D:14)
  A dread lich (Zot:5)
  3 ancient liches
  4 orbs of fire
  Vv (Depths:2)
  6 Killer Klowns (Zot:5)
  Vashnia (Snake:2)
  5 caustic shrikes
  4 curse toes
  Saint Roka (Depths:2)
  14 golden dragons
  2 pandemonium lords
  A Tzitzimitl (Depths:3)
  3 electric golems
  Rupert (Lair:5)
  19 tentacled monstrosities
  2 deep elf blademasters (Elf:3)
  28 Orb Guardians
  2 liches
  4 sphinxes
  A walking earthen tome (Depths:2)
  A walking frostbound tome (Depths:2)
  3 quicksilver dragons
  5 titans
  A deep elf master archer (Elf:3)
  9 death cobs
  Kirke (Orc:2)
  8 shadow dragons
  7 tengu reavers
  12 storm dragons
  8 draconian monks
  Roxanne (Swamp:1)
  5 fenstrider witches (Swamp:4)
  9 fire giants
  10 draconian knights
  3 nagarajas (Snake:4)
  4 deep elf elementalists (Elf:3)
  13 frost giants
  16 vault wardens
  2 iron dragons
  6 deep elf sorcerers
  A balrug (D:6)
  A ghost moth (Zot:3)
  2 reapers
  6 draconian scorchers
  2 ghouls
  Louise (D:15)
  8 draconian shifters
  3 orc warlords
  2 spriggan defenders (Depths:3)
  A war gargoyle (Vaults:4)
  2 draconian annihilators
  2 draconian stormcallers (Zot:1)
  9 stone giants
  6 ironbound thunderhulks
  33 ironbound preservers
  An angel (D:14)
  24 very ugly things
  A caustic shrike skeleton (Depths:1)
  6 deep elf demonologists
  12 yellow draconians
  A lorocyproca (D:10)
  4 eleionomae
  4 vampire knights
  8 white draconians
  6 red draconians
  2 spark wasps
  9 deep elf annihilators (Elf:3)
  6 bunyips
  19 green draconians
  2 minotaurs
  12 dire elephants
  8 purple draconians
  12 black draconians
  12 ettins
  A crystal guardian (Vaults:4)
  6 deep elf death magi
  A green death (Swamp:4)
  7 fire dragons
  6 deep elf high priests
  3 great orbs of eyes
  17 yaktaur captains
  A shambling mangrove (Swamp:3)
  6 spriggan air magi
  A rakshasa (Depths:2)
  2 peacekeepers (Vaults:4)
  13 hydras
  11 alligators
  13 ice dragons
  34 vault guards
  5 salamander tyrants
  A sphinx zombie (Depths:1)
  2 death knights (Vaults:2)
  5 anacondas
  5 boulder beetles
  6 ogre magi
  12 ironbound frosthearts
  3 ghost crabs (Swamp:4)
  17 two-headed ogres
  11 centaur warriors
  14 dancing weapons
  A two-headed ogre (shapeshifter) (Vaults:5)
  The ghost of Nebesus the Covert, a journeyman KoBe of Trog (D:12)
  5 deep troll shamans
  7 naga warriors
  5 tengu warriors
  5 spriggan berserkers
  An orc high priest (Elf:1)
  4 deep troll earth magi
  9 shock serpents
  11 death yaks (Lair:5)
  4 soul eaters
  Nergalle (Lair:2)
  Sonja (D:13)
  7 deep elf knights
  16 naga sharpshooters
  A sixfirhy (Swamp:4)
  3 hell knights
  4 sun demons
  A skyshark (Lair:5)
  Lodul (D:12)
  86 deep trolls
  5 iron trolls
  5 goliath frogs
  A shadow wraith (Vaults:2)
  8 spriggan druids
  3 flayed ghosts
  A death drake (Swamp:4)
  A salamander mystic (Snake:4)
  A shadow demon (D:6)
  A cherub (D:14)
  8 naga ritualists
  A lindwurm (shapeshifter) (Vaults:2)
  4 bog bodies
  9 deep elf archers
  13 lindwurms
  15 wizards
  5 phantasmal warriors
  3 swamp dragons
  5 glowing orange brains
  An orb spider (shapeshifter) (Depths:3)
  9 orc knights
  4 necromancers
  17 deep elf zephyrmancers
  A harpy (shapeshifter) (Vaults:5)
  21 ironbound convokers
  4 mana vipers
  45 ugly things
  16 deep elf pyromancers
  19 salamanders
  2 wolf spiders (shapeshifter)
  6 orc sorcerers
  A human zombie (Vaults:3)
  A stone giant zombie (Depths:1)
  7 cyclopes
  A manticore (D:12)
  24 moths of wrath
  4 centaur zombies (D:10)
  2 moths of wrath (shapeshifter)
  16 naga magi
  2 guardian serpents
  2 rust devils
  A frost giant skeleton (Depths:1)
  Joseph (D:7)
  A smoke demon (D:5)
  15 vault sentinels
  36 black mambas
  Maurice (Orc:1)
  An eye of devastation (Gauntlet)
  4 orange demons
  22 cane toads
  2 torpor snails (shapeshifter) (Vaults:4)
  11 komodo dragons
  5 gargoyles
  An elf skeleton (Vaults:1)
  2 rime drakes (shapeshifter) (Depths:3)
  A kobold demonologist (D:11)
  A yaktaur (shapeshifter) (Elf:2)
  4 unseen horrors (Depths:3)
  5 unseen horror zombies (D:10)
  A tormentor (Depths:2)
  Psyche (D:12)
  6 rime drakes
  A freezing wraith (Vaults:4)
  2 yaktaur skeletons
  49 yaktaurs
  3 ice devils
  4 tengu conjurers
  3 meliai (D:15)
  2 polar bears
  A wind drake (shapeshifter) (D:14)
  13 trolls
  A hornet (shapeshifter) (Vaults:5)
  Prince Ribbit (Lair:2)
  2 red devils
  8 hellwings
  5 large abominations
  7 dream sheep
  33 blink frogs
  15 hornets
  11 tyrant leeches
  A blink frog (shapeshifter) (D:15)
  A meliai zombie (D:10)
  A stone giant simulacrum (Vaults:1)
  3 air elementals
  24 slime creatures
  2 vampires
  13 spriggans
  6 water elementals
  34 yaks
  3 wraiths
  6 wyverns
  5 basilisks
  A golden eye (Gauntlet)
  6 chaos spawn
  2 hogs (Orc:2)
  A steam dragon (D:11)
  4 fire elementals
  15 vampire mosquitoes
  A neqoxec (D:8)
  3 small abominations (Depths:3)
  14 swamp worms
  A warg (Orc:1)
  41 nagas
  A swamp worm (shapeshifter) (Vaults:5)
  2 acid dragons (D:12)
  14 water moccasins
  A floating eye (Depths:4)
  37 orc warriors
  A swamp drake (Swamp:1)
  A black bear (Lair:3)
  A sky beast (D:5)
  A deep troll simulacrum (Vaults:3)
  2 ice beasts (D:7)
  33 ogres
  A spriggan simulacrum (Depths:1)
  11 wolves
  3 centaurs (D:9)
  5 boggarts (Vaults:2)
  2 phantoms
  3 kobold brigands
  24 bullfrogs
  A gnoll sergeant (D:8)
  4 scorpions
  A necrophage (Swamp:3)
  5 earth elementals
  A glowing shapeshifter simulacrum (Vaults:1)
  6 wights
  6 killer bees (D:8)
  5 howler monkeys
  An electric eel (Elf:3)
  27 orc priests
  5 hounds
  3 gnoll boudas
  Jessica (D:2)
  Terence (D:2)
  An iguana (D:6)
  22 orc wizards
  A hell rat (Sewer)
  Natasha (twice) (D:2)
  Robin (D:2)
  25 gnolls
  8 adders
  3 river rats (Sewer)
  A white imp (Gauntlet)
  2 ufetubi
  2 worms
  6 dart slugs
  114 orcs
  3 bats
  2 endoplasms (D:1)
  6 giant cockroaches
  8 hobgoblins
  4 jackals (D:2)
  5 quokkas
  4 ball pythons
  4 frilled lizards
  12 goblins
  11 kobolds
  9 rats
  A spectral orc (D:4)
2065 creatures vanquished.

Vanquished Creatures (collateral kills)
  An ice dragon (D:15)
1 creature vanquished.

Vanquished Creatures (others)
  A blizzard demon (Swamp:4)
  A salamander mystic (Snake:3)
  A wizard (Gauntlet)
  A deep elf zephyrmancer (Elf:1)
  A water elemental (Elf:2)
  A human (Elf:1)
  A naga (Snake:3)
  An orc (Elf:1)
8 creatures vanquished.

Grand Total: 2074 creatures vanquished

Notes
Turn   | Place    | Note
-------+----------+-------------------------------------------
     0 | D:1      | motkurizz the Formicid Earth Elementalist began the quest
                  | for the Orb.
     0 | D:1      | Reached XP level 1. HP: 13/13 MP: 3/3
   204 | D:1      | Reached XP level 2. HP: 19/19 MP: 0/5
   343 | D:1      | Reached XP level 3. HP: 24/24 MP: 3/6
   506 | D:1      | Reached skill level 5 in Earth Magic
   510 | D:1      | Learned a level 3 spell: Stone Arrow
   510 | D:1      | Found Hagyss's Distillery.
   886 | D:2      | Noticed Jessica
   890 | D:2      | Killed Jessica
   891 | D:2      | Reached XP level 4. HP: 28/30 MP: 2/8
  1151 | D:2      | Learned a level 2 spell: Passwall
  1240 | D:2      | Noticed Natasha
  1245 | D:2      | Killed Natasha
  1246 | D:2      | Reached XP level 5. HP: 29/35 MP: 4/9
  1323 | D:2      | Noticed Robin
  1355 | D:2      | Killed Robin
  1459 | D:2      | Reached skill level 1 in Fighting
  1462 | D:2      | Reached skill level 1 in Ranged Weapons
  1601 | D:2      | Noticed Natasha
  1606 | D:2      | Killed Natasha
  1760 | D:2      | Noticed Terence
  1775 | D:2      | Killed Terence
  1776 | D:2      | Reached XP level 6. HP: 9/44 MP: 2/10
  2071 | D:3      | Found Mororgha's Book Shop.
  2118 | D:3      | Found a faded altar of an unknown god.
  2181 | D:3      | Found Akkanleluts's Antique Armour Shop.
  2293 | D:3      | Found a glowing drain.
  2309 | Sewer    | Entered a sewer
  2394 | Sewer    | HP: 1/67 [hell rat (10)]
  2646 | D:3      | Reached XP level 7. HP: 52/52 MP: 9/11
  3237 | D:3      | Found Ofank's General Store.
  3308 | D:3      | Found Wirhuss's Assorted Antiques.
  3315 | D:3      | Bought an orcbow for 87 gold pieces
  4121 | D:4      | Reached skill level 5 in Fighting
  4126 | D:4      | Learned a level 4 spell: Petrify
  4215 | D:4      | Reached XP level 8. HP: 62/62 MP: 12/12
  4287 | D:4      | Reached skill level 1 in Conjurations
  4555 | D:4      | Found a hazy altar of Hepliaklqana.
  4808 | D:5      | Entered Level 5 of the Dungeon
  4813 | D:5      | Found a sacrificial altar of Ru.
  4912 | D:5      | Reached skill level 5 in Ranged Weapons
  5767 | D:5      | Found a glowing silver altar of Zin.
  5767 | D:5      | Found a bloodstained altar of Trog.
  6066 | D:6      | Reached XP level 9. HP: 60/69 MP: 13/13
  6213 | D:6      | Found an ancient bone altar of Kikubaaqudgha.
  6229 | D:6      | Found an ornate altar of the Wu Jian Council.
  6324 | D:6      | Found a staircase to the Ecumenical Temple.
  6331 | Temple   | Entered the Ecumenical Temple
  6342 | Temple   | Became a worshipper of Cheibriados the Contemplative
  6431 | D:6      | Noticed a +0 hand axe
  6433 | D:6      | Noticed a +0 hand axe
  6435 | D:6      | Found a hide-covered altar of Uskayaw.
  6871 | D:6      | Found a burning altar of Makhleb.
  7002 | D:7      | You fall into a shaft and drop 3 floors!
  7002 | D:10     | Entered Level 10 of the Dungeon
  7061 | D:9      | Noticed a hornet
  7061 | D:9      | Found Fuimin's Armour Boutique.
  7242 | D:10     | Reached XP level 10. HP: 74/80 MP: 14/14
  7426 | D:9      | Reached skill level 5 in Dodging
  7783 | D:9      | Reached * piety under Cheibriados
  8243 | D:9      | Noticed a two-headed ogre
  8260 | D:9      | Killed a two-headed ogre
  8491 | D:7      | Reached XP level 11. HP: 78/84 MP: 7/15
  8827 | D:7      | Reached ** piety under Cheibriados
  8864 | D:7      | Reached skill level 10 in Fighting
  9034 | D:7      | Noticed Joseph
  9039 | D:7      | Killed Joseph
 10253 | D:9      | Reached *** piety under Cheibriados
 10359 | D:9      | Reached skill level 10 in Ranged Weapons
 11024 | D:10     | Reached **** piety under Cheibriados
 11025 | D:10     | Reached skill level 1 in Armour
 11432 | D:10     | Found a white marble altar of Elyvilon.
 11910 | D:10     | Reached XP level 12. HP: 58/100 MP: 5/16
 12029 | D:10     | Got Sif Muna's Parchment of the Unstable Gathering
 12030 | D:10     | Found a basalt altar of Yredelemnul.
 12422 | D:11     | Reached skill level 1 in Invocations
 12738 | D:11     | Found a staircase to the Lair.
 12843 | D:11     | Reached ***** piety under Cheibriados
 13381 | Lair:1   | Entered Level 1 of the Lair of Beasts
 14082 | Lair:1   | Identified the +10 rapier of Growth {freeze, rF+ SInv}
 14796 | Lair:2   | Reached skill level 5 in Invocations
 14859 | Lair:2   | Reached skill level 5 in Armour
 15124 | Lair:2   | Noticed Nergalle
 15179 | Lair:2   | Killed Nergalle
 15180 | Lair:2   | Reached XP level 13. HP: 107/107 MP: 6/17
 15612 | Lair:2   | Noticed Prince Ribbit
 15618 | Lair:2   | Killed Prince Ribbit
 16229 | Lair:3   | Reached ****** piety under Cheibriados
 16410 | Lair:3   | Found a staircase to the Swamp.
 16939 | Lair:3   | Found a staircase to the Snake Pit.
 17161 | Lair:4   | Noticed an eight-headed hydra
 17171 | Lair:4   | Killed an eight-headed hydra
 17173 | Lair:4   | HP: 3/109 [black mamba (9)]
 18010 | Lair:4   | Found a staircase to the Slime Pits.
 18010 | Lair:4   | Found a viscous altar of Jiyva.
 18491 | Lair:5   | Entered Level 5 of the Lair of Beasts
 18546 | Lair:5   | Reached XP level 14. HP: 116/116 MP: 18/18
 19114 | Lair:5   | Reached skill level 10 in Dodging
 19446 | Lair:5   | Noticed Rupert
 19462 | Lair:5   | HP: 5/118 [Rupert/+2 triple sword of flaming (2)]
 19464 | Lair:5   | Killed Rupert
 20043 | Lair:5   | Reached skill level 15 in Ranged Weapons
 20159 | Lair:5   | Reached XP level 15. HP: 85/125 MP: 19/19
 21179 | D:12     | Noticed Lodul
 21186 | D:12     | Killed Lodul
 21495 | D:12     | Found a staircase to the Orcish Mines.
 21751 | D:12     | Noticed Psyche
 21754 | D:12     | Killed Psyche
 21997 | D:12     | Found a runed translucent door.
 22001 | D:12     | Noticed Nebesus's ghost (journeyman KoBe)
 22418 | Orc:1    | Entered Level 1 of the Orcish Mines
 22436 | Orc:1    | Noticed an orc warlord
 22450 | Orc:1    | Killed an orc warlord
 22674 | Orc:1    | Noticed Maurice
 22680 | Orc:1    | Killed Maurice
 22721 | Orc:1    | Noticed an orc warlord
 22777 | Orc:1    | Killed an orc warlord
 23016 | Orc:2    | Entered Level 2 of the Orcish Mines
 23153 | Orc:2    | Reached skill level 10 in Armour
 23185 | Orc:2    | Found a staircase to the Elven Halls.
 24141 | Orc:2    | Reached skill level 15 in Fighting
 24141 | Orc:2    | Reached XP level 16. HP: 122/136 MP: 20/20
 24181 | Orc:2    | Found Sus Cesu's Antique Weapon Shoppe.
 24217 | Orc:2    | Found Ukisim's Magic Scroll Emporium.
 24218 | Orc:2    | Found Enku's Jewellery Boutique.
 24225 | Orc:2    | Bought a scroll of identify for 34 gold pieces
 24225 | Orc:2    | Bought a scroll of fear for 68 gold pieces
 24225 | Orc:2    | Bought a scroll of identify for 34 gold pieces
 24225 | Orc:2    | Bought a scroll of identify for 34 gold pieces
 24225 | Orc:2    | Bought a scroll of fog for 68 gold pieces
 24231 | Orc:2    | Found Vaclaph's Magic Scroll Emporium.
 24240 | Orc:2    | Bought a scroll of butterflies for 56 gold pieces
 24367 | Orc:2    | Bought a scroll of identify for 28 gold pieces
 24374 | Orc:2    | Bought a +6 ring of dexterity for 612 gold pieces
 24376 | Orc:2    | Bought a ring of poison resistance for 340 gold pieces
 24663 | D:3      | Bought a faintly glowing scale mail for 297 gold pieces
 24663 | D:3      | Identified the +4 scale mail of Dust Devil {Dex+2} (You
                  | bought it in a shop on level 3 of the Dungeon)
 24914 | D:12     | Killed Nebesus's ghost
 25317 | D:13     | Found a runed translucent door.
 25774 | D:13     | Found a gate to the Vaults.
 25922 | D:13     | Noticed Sonja
 25923 | D:13     | Killed Sonja
 26645 | D:14     | Found a white marble altar of Elyvilon.
 27413 | D:15     | Entered Level 15 of the Dungeon
 27536 | D:15     | Found a gate leading to a gauntlet.
 27545 | Gauntlet | Entered a Gauntlet
 27545 | Gauntlet | Found a transporter.
 27553 | Gauntlet | Found a transporter.
 27567 | Gauntlet | Found a transporter.
 27578 | Gauntlet | Found a transporter.
 27594 | Gauntlet | Found a transporter.
 27605 | Gauntlet | Found a transporter.
 27617 | Gauntlet | Found a transporter.
 27622 | Gauntlet | Found a transporter.
 27622 | Gauntlet | Found a transporter.
 27649 | Gauntlet | Found a runed translucent door.
 27650 | Gauntlet | Found a transporter.
 27650 | Gauntlet | Found a transporter.
 27651 | Gauntlet | Found a runed translucent door.
 27708 | Gauntlet | Found a transporter.
 27711 | Gauntlet | Found a transporter.
 27806 | Gauntlet | Found a transporter.
 27950 | Gauntlet | Identified the +1 pair of gloves "Saadiull" {rN+}
 27983 | Gauntlet | Identified the +0 long sword "Cadat" {drain, rN++ MP-9
                  | Int+8}
 27983 | Gauntlet | Identified the +3 scale mail of Riggeniu {Harm Will+}
 28432 | D:15     | Reached skill level 1 in Shields
 28583 | D:15     | Found a staircase to the Depths.
 28642 | D:15     | Noticed Louise
 28657 | D:15     | Killed Louise
 28658 | D:15     | Reached skill level 2 in Shields
 28699 | D:15     | Reached skill level 3 in Shields
 28734 | D:15     | Reached skill level 4 in Shields
 28734 | D:15     | Reached XP level 17. HP: 144/144 MP: 21/21
 28857 | D:15     | Reached skill level 5 in Shields
 29318 | Swamp:1  | Entered Level 1 of the Swamp
 29332 | Swamp:1  | Reached skill level 6 in Shields
 29503 | Swamp:1  | Noticed Roxanne
 29521 | Swamp:1  | Reached skill level 7 in Shields
 29787 | Swamp:1  | Reached skill level 8 in Shields
 30020 | Swamp:1  | Killed Roxanne
 30055 | Swamp:1  | Reached skill level 9 in Shields
 30109 | Swamp:2  | Reached skill level 10 in Shields
 30338 | Swamp:2  | Reached skill level 11 in Shields
 30817 | Swamp:3  | Reached skill level 12 in Shields
 31266 | Swamp:4  | Entered Level 4 of the Swamp
 31288 | Swamp:3  | Reached skill level 13 in Shields
 31487 | Swamp:4  | Reached skill level 14 in Shields
 31904 | Swamp:3  | Reached XP level 18. HP: 103/151 MP: 22/22
 31908 | Swamp:3  | Reached skill level 15 in Shields
 32763 | Swamp:4  | Got a decaying rune of Zot
 33101 | Elf:1    | Entered Level 1 of the Elven Halls
 33314 | Elf:1    | Noticed Kirke
 33343 | Orc:2    | Killed Kirke
 33498 | Elf:1    | Reached skill level 16 in Shields
 33683 | Elf:1    | Found Ynuudock's Armour Emporium.
 33752 | Elf:1    | Found Wolimeob's Book Emporium.
 33919 | Elf:1    | Found Yfu Pin's Antique Weapon Shoppe.
 33925 | Elf:1    | Bought a glowing longbow for 256 gold pieces
 33935 | Elf:1    | Found Mauck's Assorted Antiques.
 34282 | Elf:2    | Found Amymmu's Distillery.
 34336 | Elf:1    | Found an ancient bone altar of Kikubaaqudgha.
 34368 | Elf:2    | Found a runed translucent gate.
 34368 | Elf:2    | Found a runed translucent gate.
 34370 | Elf:2    | Found a runed translucent gate.
 34592 | Elf:2    | Reached XP level 19. HP: 161/161 MP: 23/23
 35091 | Snake:1  | Entered Level 1 of the Snake Pit
 36314 | Snake:2  | Found Keaph's Book Shop.
 36314 | Snake:2  | Found Agimab's Jewellery Shoppe.
 36315 | Snake:2  | Found Lugop's Book Shop.
 36327 | Snake:2  | Bought the ring of the Hare {EV+10} for 1408 gold pieces
 36327 | Snake:2  | Found the ring of the Hare {EV+10}
 36562 | Snake:2  | Noticed Vashnia
 36593 | Snake:2  | Killed Vashnia
 36721 | Snake:2  | Reached skill level 17 in Shields
 37766 | Snake:3  | Reached skill level 5 in Spellcasting
 37846 | Snake:4  | Entered Level 4 of the Snake Pit
 38145 | Snake:4  | Found Juregh's Armour Emporium.
 38178 | Snake:4  | Reached XP level 20. HP: 168/168 MP: 28/28
 38182 | Snake:4  | Reached skill level 15 in Armour
 38228 | Snake:4  | Found Heatz's Antique Armour Shop.
 39138 | Snake:4  | Got a serpentine rune of Zot
 39545 | Elf:3    | Entered Level 3 of the Elven Halls
 39586 | Elf:3    | Reached skill level 18 in Shields
 41503 | Elf:3    | Identified the ring "Timeikeonk" {rPois Will+ AC+4 Int+8
                  | Slay-3}
 41899 | Elf:3    | Identified a scroll of acquirement
 41900 | Elf:3    | Acquired 542 gold pieces
 42169 | Elf:3    | Identified the +0 hand axe of the Ancients {elec, Str+7}
 42228 | Elf:3    | Identified the +8 shortbow "Juicweda" {drain, Fly Str+2}
 42233 | Elf:3    | Identified the staff of Arrival {Fragile rF+ Will+ MP+9
                  | Fire}
 42321 | Elf:3    | Identified the +1 leather armour "Enydus" {-Tele Harm
                  | Dex+6}
 42595 | Vaults:1 | Entered Level 1 of the Vaults
 42596 | Vaults:1 | Upgraded the game from 0.31-a0-574-g69dc8cc98e to
                  | 0.31-a0-590-g8a5a4361df
 42709 | Vaults:1 | Reached XP level 21. HP: 171/174 MP: 30/30
 42905 | Vaults:1 | Reached skill level 19 in Shields
 44133 | Vaults:2 | Found a staircase to the Crypt.
 44738 | Vaults:2 | Reached XP level 22. HP: 99/181 MP: 31/31
 44743 | Vaults:2 | Reached skill level 20 in Shields
 45250 | Vaults:3 | Reached skill level 10 in Invocations
 45518 | Vaults:3 | Reached skill level 21 in Shields
 46264 | Vaults:3 | Found Vyatar's Distillery.
 46268 | Vaults:3 | Bought a potion of heal wounds for 95 gold pieces
 46268 | Vaults:3 | Bought a potion of resistance for 190 gold pieces
 46268 | Vaults:3 | Bought a potion of curing for 57 gold pieces
 46850 | Vaults:4 | Reached skill level 22 in Shields
 46958 | Vaults:4 | Reached XP level 23. HP: 187/187 MP: 32/32
 47885 | Depths:1 | Entered Level 1 of the Depths
 47885 | Depths:1 | Found a gateway to Hell.
 47961 | Depths:1 | Found Zaegah's Vocational Training.
 47977 | Depths:1 | Identified the ring of Kisizett {rC+ Int-4 Dex+6 Stlth+}
 47988 | Depths:1 | Found Ciroxuga's Armour Shop.
 47990 | Depths:1 | Found Hanuv's Weapon Shop.
 47990 | Depths:1 | Found Uraov's Distillery.
 47995 | Depths:1 | Bought the +9 ring mail of the Untouchables {rPois rCorr
                  | Str-4 Dex+4} for 1184 gold pieces
 48006 | Depths:1 | Found Quheitua's Jewellery Boutique.
 48357 | Depths:1 | Found Lioxejud's Tiny Tomes.
 48380 | Depths:1 | Found a one-way gateway to a ziggurat.
 48544 | Depths:1 | Reached skill level 23 in Shields
 48868 | Depths:2 | Found a radiant altar of Vehumet.
 48895 | Depths:2 | Noticed Vv
 48920 | Depths:2 | Killed Vv
 49510 | Depths:2 | Found a one-way gate leading to the halls of Pandemonium.
 50041 | Depths:2 | Noticed Saint Roka
 50053 | Depths:2 | Killed Saint Roka
 51495 | Depths:3 | Reached XP level 24. HP: 140/196 MP: 32/32
 51770 | Depths:3 | Noticed a caustic shrike
 51773 | Depths:3 | Identified the +0 broad axe "Evide" {spect, +Blink rCorr
                  | Str-4}
 51777 | Depths:3 | Killed a caustic shrike
 52654 | Depths:3 | Found a one-way gate to the infinite horrors of the Abyss.
 52829 | Depths:4 | Entered Level 4 of the Depths
 52884 | Depths:4 | Found Diunol Iqirph's Armour Boutique.
 53002 | Depths:4 | Noticed a caustic shrike
 53002 | Depths:4 | Noticed a caustic shrike
 53004 | Depths:4 | Noticed a caustic shrike
 53007 | Depths:4 | Noticed a caustic shrike
 53008 | Depths:4 | Killed a caustic shrike
 53008 | Depths:4 | Killed a caustic shrike
 53008 | Depths:4 | Killed a caustic shrike
 53011 | Depths:4 | Killed a caustic shrike
 53106 | Depths:4 | Reached skill level 24 in Shields
 53149 | Depths:4 | Found a gate to the Realm of Zot.
 53460 | Depths:4 | Identified the orb "Noicveina" {*channel, Int+2 Dex+3}
 53668 | Depths:4 | Reached XP level 25. HP: 206/206 MP: 32/32
 54363 | Vaults:5 | Entered Level 5 of the Vaults
 54439 | Vaults:4 | Reached skill level 15 in Dodging
 54865 | Vaults:5 | Noticed an ancient lich
 55160 | Depths:1 | Bought the ring "Toiqu" {rC+ Dex+2 Stlth+} for 468 gold
                  | pieces
 55442 | Vaults:4 | Killed an ancient lich
 55457 | Vaults:5 | Identified the +1 orcbow "Soymenti" {drain, +Blink rC- rN++
                  | Dex+2}
 55675 | Vaults:5 | Noticed an ancient lich
 55691 | Vaults:4 | Killed an ancient lich
 55788 | Vaults:5 | Reached XP level 26. HP: 218/218 MP: 32/32
 55863 | Vaults:5 | Identified the +0 plate armour "Miwiruss" {rElec rN+ Int+3
                  | Dex-3}
 55987 | Vaults:5 | Got the Tractate on Conjury and Diablerie
 55996 | Vaults:5 | Got a silver rune of Zot
 56074 | Vaults:5 | Identified the +8 battleaxe of Bright Prudence {drain,
                  | Str-3 Dex+5}
 56647 | Vaults:5 | Found the +12 glaive of Prune {freeze, Prune}
 56669 | Vaults:5 | Identified the +0 scale mail "Gepseirgh" {Regen+}
 56682 | Vaults:5 | Identified the +1 ring mail of Urghisom {+Inv rCorr}
 56699 | Vaults:5 | Got the Almanac of the Putrid Welkin
 56706 | Vaults:5 | Identified the +7 war axe "Peocawy" {speed, rF+}
 57241 | D:1      | Bought a potion of resistance for 140 gold pieces
 57241 | D:1      | Bought a potion of enlightenment for 70 gold pieces
 57241 | D:1      | Bought a potion of heal wounds for 70 gold pieces
 57241 | D:1      | Bought a potion of resistance for 140 gold pieces
 57241 | D:1      | Bought a potion of resistance for 140 gold pieces
 57280 | D:3      | Bought a potion of heal wounds for 50 gold pieces
 57280 | D:3      | Bought a potion of mutation for 80 gold pieces
 57576 | Elf:1    | Bought a potion of heal wounds for 175 gold pieces
 57615 | Elf:2    | Bought a potion of heal wounds for 55 gold pieces
 57615 | Elf:2    | Bought a potion of heal wounds for 55 gold pieces
 57842 | Depths:1 | Bought a potion of resistance for 220 gold pieces
 57842 | Depths:1 | Bought a potion of cancellation for 176 gold pieces
 57842 | Depths:1 | Bought 2 potions of mutation for 352 gold pieces
 57908 | Zot:1    | Entered Level 1 of the Realm of Zot
 57925 | Zot:1    | Identified the +9 great mace "Veschasost" {venom, Str+3}
 57931 | Zot:1    | Reached skill level 1 in Evocations
 57971 | Zot:1    | Reached skill level 25 in Shields
 58614 | Zot:1    | Reached skill level 5 in Evocations
 59720 | Zot:2    | Noticed a curse toe
 59729 | Zot:2    | Killed a curse toe
 59926 | Zot:3    | Noticed an orb of fire
 60185 | Zot:3    | Noticed a curse toe
 60197 | Zot:3    | Killed a curse toe
 60541 | Zot:3    | Reached XP level 27. HP: 228/228 MP: 32/32
 60720 | Zot:3    | Gained mutation: You occasionally lose the ability to read
                  | scrolls when taking damage. [an orb of fire]
 60722 | Zot:3    | Killed an orb of fire
 61208 | Zot:3    | Found a transporter.
 61217 | Zot:3    | Found a transporter.
 61220 | Zot:3    | Found the +8 arc blade {discharge, rElec}
 61221 | Zot:3    | Noticed Hicanoach's ghost (master DsGl)
 61222 | Zot:3    | Noticed a shard shrike
 61225 | Zot:3    | Noticed a shard shrike
 62365 | Zot:4    | Reached skill level 26 in Shields
 62699 | Zot:4    | Found the +9 staff of Olgreb {rPois∞}
 62728 | Zot:5    | Entered Level 5 of the Realm of Zot
 63526 | Zot:5    | Noticed a Killer Klown
 63529 | Zot:5    | a Killer Klown changed into a golden dragon
 63541 | Zot:5    | Noticed a Killer Klown
 63549 | Zot:5    | Killed a Killer Klown
 63610 | Zot:5    | Noticed a Killer Klown
 63621 | Zot:5    | Killed a Killer Klown
 63622 | Zot:5    | Noticed an orb of fire
 63630 | Zot:5    | Killed an orb of fire
 63631 | Zot:5    | Lost mutation: You occasionally lose the ability to read
                  | scrolls when taking damage. [potion of mutation]
 63631 | Zot:5    | Gained mutation: Potions are less effective at restoring
                  | your health. [potion of mutation]
 63631 | Zot:5    | Gained mutation: You are frail. (-10% HP) [potion of
                  | mutation]
 63631 | Zot:5    | Gained mutation: You are covered in fur. (AC +1) [potion of
                  | mutation]
 63632 | Zot:5    | Lost mutation: You are frail. (-10% HP) [potion of
                  | mutation]
 63632 | Zot:5    | Lost mutation: You are covered in fur. (AC +1) [potion of
                  | mutation]
 63632 | Zot:5    | Gained mutation: You passively map a small area around you.
                  | [potion of mutation]
 63632 | Zot:5    | Gained mutation: Your magical capacity is low. (-10% MP)
                  | [potion of mutation]
 63632 | Zot:5    | Gained mutation: You are frail. (-10% HP) [potion of
                  | mutation]
 63632 | Zot:5    | Gained mutation: You are covered in fur. (AC +1) [potion of
                  | mutation]
 63633 | Zot:5    | Lost mutation: You are frail. (-10% HP) [potion of
                  | mutation]
 63633 | Zot:5    | Lost mutation: Your magical capacity is low. (-10% MP)
                  | [potion of mutation]
 63633 | Zot:5    | Gained mutation: You have large cloven feet. [potion of
                  | mutation]
 63633 | Zot:5    | Gained mutation: You are robust. (+10% HP) [potion of
                  | mutation]
 63640 | Zot:5    | Noticed a Killer Klown
 63651 | Zot:5    | Killed a Killer Klown
 63695 | Zot:5    | Noticed an ancient lich
 63701 | Zot:5    | Killed an ancient lich
 63877 | Zot:5    | Noticed a dread lich
 63881 | Zot:5    | Killed a dread lich
 63903 | Zot:5    | Noticed an orb of fire
 63911 | Zot:5    | Killed an orb of fire
 63917 | Zot:5    | Noticed a Killer Klown
 63921 | Zot:5    | Killed a Killer Klown
 63929 | Zot:5    | Noticed a Killer Klown
 63931 | Zot:5    | Killed a Killer Klown
 63932 | Zot:5    | Noticed an orb of fire
 63941 | Zot:5    | Gained mutation: Your magical capacity is low. (-10% MP)
                  | [an orb of fire]
 63941 | Zot:5    | Gained mutation: Potions cannot restore your health. [an
                  | orb of fire]
 63942 | Zot:5    | Killed an orb of fire
 64039 | Zot:5    | Noticed a Killer Klown
 64044 | Zot:5    | Killed a Killer Klown
 64511 | Zot:5    | Got the Orb of Zot
 64574 | Zot:5    | Noticed Ihecheikk the pandemonium lord
 64581 | Zot:5    | Killed Ihecheikk the pandemonium lord
 64816 | D:14     | Noticed a seraph
 64828 | D:14     | Killed a seraph
 64949 | D:9      | Noticed Lucif the pandemonium lord
 64963 | D:9      | Killed Lucif the pandemonium lord
 65227 | D:$      | Escaped with the Orb!

Illustrated notes

Levels and vault maps discovered:
D:1:      lemuel_arrival_funnel, layout_loops_ring, serial_shops, shop
D:2:      minmay_spotlight, layout_basic, uniq_robin, uniq_natasha,
          uniq_terence, uniq_jessica
D:3:      layout_basic, serial_shops, nicolae_shop_tiny_waterfront, shop,
          nicolae_shop_hallway_stairs, nicolae_shop_crystal,
          shapermc_ecumenical_altar_pompeii, portal_sewer_entry_a,
          kennysheep_generic_room_9
D:4:      layout_basic, nicolae_hepliaklqana_monster_ancestors,
          minmay_misc_feat_nine_boxes
D:5:      layout_basic, amethyst_overflow_temple_binary,
          mainiacjoe_overflow_paths, chequers_serial_rivers_micro_e
D:6:      layout_basic, lightli_temple_of_fire, dancing_weapons_uskayaw,
          mainiacjoe_overflow_catwalk_spiral,
          minmay_temple_entry_drinking_statues
D:7:      layout_basic, enter_bailey_8, skrybe_limestone_x, uniq_joseph
D:8:      layout_basic, kennysheep_generic_room_8
D:9:      layout_cave_pools, special_room [special_room_orc], serial_shops,
          shop, corexii_mini_fake_secret_closet, hangedman_minor_gate_pass
D:10:     layout_rooms, mainiacjoe_overflow_chevrons,
          nicolae_yredelemnul_corpse_copse
D:11:     layout_irregular_city, erik_lair_dragon, hex_large,
          minmay_misc_feat_tiny, hangedman_decor_opposing
D:12:     layout_basic, orc_0_dummy, ebering_ghost_inner_flame, uniq_psyche,
          uniq_lodul
D:13:     dreamdust_labyrinth, layout_grid_maze, grunt_vaults_entry_fortified,
          chequers_avenue, kennysheep_potato, uniq_sonja
D:14:     layout_basic, elyvilon_altar_4
D:15:     grunt_enter_depths_hoard, layout_gridville, gauntlet_entry_generic,
          nicolae_benzene_ring, chequers_hall_statues_wall_a, uniq_louise
Temple:   nicolae_temple_hex_pool
Lair:1:   layout_long_grid, lemuel_fruit_tree
Lair:2:   layout_regular_city, serial_bayou_shore_b, uniq_prince_ribbit2,
          uniq_nergalle
Lair:3:   layout_chaotic_city, swamp_mist, nicolae_snake_entry_squirm,
          minivault_27
Lair:4:   layout_hall_layers, slime_entry_1
Lair:5:   minmay_lair_end_frog_pond, layout_loops_ring, uniq_rupert
Swamp:1:  layout_basic_swamp, nicolae_swamp_well_well_well, uniq_roxanne
Swamp:2:  layout_falls_marsh, evilmike_swamp_ruin_wall,
          nicolae_swamp_alligator_family
Swamp:3:  layout_basic_swamp, evilmike_swamp_ruin_house_6,
          infiniplex_staircase_pool
Swamp:4:  nzn_swamp_witches_coven, layout_basic_swamp
Snake:1:  layout_grid_maze
Snake:2:  layout_onion, minmay_shop_grove, uniq_vashnia
Snake:3:  layout_rooms, nicolae_snake_salamander_jacuzzi, nicolae_integral_box
Snake:4:  minmay_snake_end_coiled, layout_misc_corridors, special_room,
          serial_shops, nicolae_shop_trees, shop, grunt_ministairs_12,
          hangedman_snake_corridor_cut
Orc:1:    cheibrodos_orc_arena, layout_diamond_mine, uniq_maurice
Orc:2:    st_orc_open, layout_diamond_mine, david_defended_altar_orc
Elf:1:    layout_rooms, serial_shops, shop, nicolae_lakefront_shop, shop,
          nicolae_shop_window_shopping, minivault_28, lemuel_upstairs_altar,
          uniq_kirke
Elf:2:    elven_hall_of_blades_hangedman_original [grunt_blade_entry_basic],
          layout_loops_cross, serial_shops, nicolae_shop_peninsula, drop_trap
Elf:3:    minmay_elf_hall_spiked, layout_geoelf_castle
Vaults:1: hangedman_vaults_maws, v_misc_26, nicolae_vaults_theta,
          nicolae_vaults_oval_intersection, v_misc_15, v_misc_22,
          nicolae_vaults_tetromino_Z_1, nicolae_vaults_diamond_1,
          nicolae_vaults_apartment_2, hangedman_vaults_stagger,
          nicolae_vaults_alarming, nicolae_vaults_crenellated_ambush, v_misc_11,
          layout_vaults_omnicross
Vaults:2: ontoclasm_vaults_tryst, blue_anna_dwarven_crypt,
          hangedman_vaults_river_flow, nicolae_vaults_little_squares_2,
          nicolae_vaults_doubleplus_tesselated, nicolae_vaults_apartment_1,
          ontoclasm_vaults_fault, nicolae_vaults_security_offices_2,
          nicolae_vaults_cochlea, nicolae_vaults_tetromino_T_2,
          nicolae_vaults_little_squares_6, nicolae_vaults_tetromino_L_1,
          v_misc_32, vaults_dpeg_ring, vaults_mumra_minichess_inversion,
          layout_vaults_ring
Vaults:3: nicolae_vaults_sightless_eye, nicolae_vaults_network_square,
          nicolae_vaults_security_offices_1, nicolae_vaults_arrows, v_pattern_1,
          nicolae_vaults_prndl, ontoclasm_vaults_misaligned,
          nicolae_vaults_apartment_1, nicolae_vaults_network_star,
          nicolae_vaults_shelves_hall, hangedman_vaults_slice, v_misc_16,
          layout_vaults_omnibox, serial_shops, shop
Vaults:4: ontoclasm_vaults_pinch, nicolae_vaults_trapezoid_4,
          hangedman_vaults_locks, vaults_room_fancy_cross, v_misc_24,
          grunt_vaults_twisty, v_pattern_5, v_misc_2, hangedman_vaults_capsules,
          nicolae_vaults_an_arrangement, vaults_room_pool,
          nicolae_vaults_asterisk, v_misc_9, layout_vaults_maze
Vaults:5
Depths:1: layout_roguey, enter_ziggurat_e, nicolae_lava_and_water, hell_entry,
          interstate_on_off, nicolae_shop_i_like_small_books_too,
          nicolae_shop_vocational, minmay_shoptagon, grunt_megastairs_1
Depths:2: four-leaf_vault, layout_gridlike, rand_demon_pan_entry_8,
          hangedman_decor_lopped, hell_entry, minmay_misc_feat_pillars,
          vehumet_crystals, serial_bayou_shore_b, infiniplex_staircase_zigzag_2,
          uniq_saint_roka, uniq_vv
Depths:3: minmay_box_of_statues, layout_gridville, minmay_room_of_horrors,
          hell_entry, dispersion_dpeg, firewood_loft,
          infiniplex_staircase_pool_lava
Depths:4: grunt_crosshair, layout_cave_pools, serial_shops, shop,
          minmay_misc_feat_four_crosses, hell_entry, hangedman_decor_push,
          columned_hall_lemuel
Zot:1:    layout_gridlike
Zot:2:    layout_cellular_growth
Zot:3:    layout_twisted_circle, gammafunk_ghost_berserking_beasts,
          st_stairs_14, grunt_megastairs_5
Zot:4:    layout_basic
Zot:5:    layout_misc_corridors

Skill      XL: |  1  2  3  4  5  6  7  8  9 10 11 12 13 14 15 16 17 18 19 20 21 22 23 24 25 26 27 |
---------------+----------------------------------------------------------------------------------+-----
Earth Magic    | 4 5 6 7 |  7.0
Spellcasting   | 3 5 6 |  6.0
Fighting       | 2 3 5 6 8 9 11 12 13 15 16 17 18 20 21 23 | 23.5
Ranged Weapons | 1 3 4 6 7 9 10 12 13 15 16 17 19 20 21 24 | 24.4
Conjurations   | 1 |  1.0
Transmutations | 2 |  2.0
Dodging        | 4 6 7 8 9 10 11 12 13 14 15 | 15.7
Armour         | 3 5 7 9 10 12 13 14 15 17 19 20 21 22 | 22.2
Invocations    | 5 6 9 10 11 12 | 12.0
Shields        | 4 14 16 17 18 19 22 23 24 25 26 | 26.0
Evocations     | 6 |  6.0
Stealth        | |  2.4

Action                     |  1- 3 |  4- 6 |  7- 9 | 10-12 | 13-15 | 16-18 | 19-21 | 22-24 | 25-27 || total
---------------------------+-------+-------+-------+-------+-------+-------+-------+-------+-------++-------
  Melee: Unarmed           |     2 |       |       |       |       |     2 |       |       |       ||     4
         Short sword       |     6 |    10 |       |       |       |       |       |       |       ||    16
   Fire: Sling             |     1 |    94 |    25 |       |       |       |       |       |       ||   120
         Orcbow            |       |       |   190 |   475 |  1189 |  1208 |       |       |       ||  3062
         Longbow           |       |       |       |       |       |    76 |  1194 |  1288 |  1495 ||  4053
  Throw: Dart              |       |     3 |       |     2 |     8 |       |       |       |       ||    13
   Cast: Sandblast         |    26 |    59 |   122 |   142 |    22 |       |       |       |       ||   371
         Stone Arrow       |       |     2 |     9 |    45 |     1 |       |       |       |       ||    57
         Petrify           |       |       |       |       |    22 |       |       |       |       ||    22
 Invoke: Slouch            |       |       |       |       |     4 |     9 |     9 |     7 |    16 ||    45
Ability: Dig               |       |       |     2 |     3 |     1 |       |     2 |       |     5 ||    13
         Shaft Self        |       |       |     1 |       |       |       |       |       |       ||     1
  Evoke: Wand              |       |       |     5 |    10 |     7 |     3 |     9 |       |       ||    34
         Lightning rod     |       |       |       |       |       |       |       |     4 |       ||     4
    Use: Potion            |       |     5 |     3 |     1 |     6 |     4 |     6 |     3 |    18 ||    46
         Scroll            |       |     3 |     2 |     6 |     6 |    13 |    16 |     7 |    11 ||    64
   Stab: Distracted        |     1 |       |       |       |       |       |       |       |       ||     1
 Armour: Robe              |     1 |    11 |    35 |    43 |       |       |       |       |       ||    90
         Skin              |       |     2 |       |       |       |       |       |       |       ||     2
         Steam dragon scal |       |       |       |    15 |    63 |       |       |       |       ||    78
         Scale mail        |       |       |       |       |       |   128 |    30 |    10 |       ||   168
         Ring mail         |       |       |       |       |       |       |       |    22 |    51 ||    73
  Dodge: Dodged            |     9 |    41 |    74 |   353 |   567 |   540 |   303 |   227 |   597 ||  2711
  Block: Buckler           |       |       |       |       |       |     7 |       |       |       ||     7
         Tower shield      |       |       |       |       |       |   724 |   789 |   735 |  1164 ||  3412
         Reflection        |       |       |       |       |       |     1 |   139 |    28 |    59 ||   227

Table legend: (Time is in decaauts)
 A = Elapsed time spent in this place.
 B = Non-inter-level travel time spent in this place.
 C = Inter-level travel time spent in this place.
 D = Time resting spent in this place.
 E = Time spent auto-exploring this place.
 F = Levels seen in this place.
 G = Mean time per level.
                   A        B        C        D        E       F      G
               +--------+--------+--------+--------+--------+-----+--------+
         Total |  96082 |  79742 |  16340 |   6705 |  59542 |  50 | 1921.6 |
       Dungeon |  29150 |  22224 |   6926 |   1268 |  17511 |  15 | 1943.3 |
        Temple |     25 |     11 |     14 |      0 |      0 |   1 |   25.0 |
          Lair |  11970 |  10379 |   1591 |   1431 |   7495 |   5 | 2394.0 |
         Swamp |   5438 |   4867 |    571 |    360 |   3625 |   4 | 1359.5 |
     Snake Pit |   7547 |   6644 |    903 |    127 |   5467 |   4 | 1886.8 |
  Orcish Mines |   3765 |   2692 |   1073 |    344 |   1740 |   2 | 1882.5 |
   Elven Halls |   6540 |   5313 |   1227 |    850 |   3518 |   3 | 2180.0 |
        Vaults |  11751 |  10054 |   1697 |    509 |   7712 |   5 | 2350.2 |
        Depths |   9021 |   7471 |   1550 |      0 |   6374 |   4 | 2255.2 |
           Zot |   9545 |   8759 |    786 |   1616 |   5465 |   5 | 1909.0 |
         Sewer |    324 |    324 |      0 |    197 |     65 |   1 |  324.0 |
      Gauntlet |   1000 |   1000 |      0 |      0 |    567 |   1 | 1000.0 |
               +--------+--------+--------+--------+--------+-----+--------+

Top non-repeatable levels by time:
    D:12: 3902 daAuts
   Elf:3: 3257 daAuts
    D:13: 3118 daAuts
  Lair:4: 3061 daAuts
Depths:2: 2975 daAuts
    D:11: 2851 daAuts
Vaults:4: 2707 daAuts
Vaults:2: 2621 daAuts
     D:9: 2614 daAuts
   Zot:5: 2438 daAuts
  Lair:2: 2341 daAuts
  Lair:5: 2340 daAuts
Depths:1: 2323 daAuts
 Snake:4: 2294 daAuts
Vaults:3: 2280 daAuts
